 Dungeon Crawl Stone Soup version 0.28.0-49-g6dfe1f597d (webtiles) character file.

Game seed: 11853295888089775934

2240 firemarshallily the Frost Mage (level 9, -2/57 HPs)
             Began as a Merfolk Ice Elementalist on May 11, 2022.
             Was an Initiate of Sif Muna.
             Hit by a large rock thrown by a cyclops (15 damage)
             ... created by the fury of Okawaru
             ... on level 7 of the Dungeon.
             The game lasted 00:41:47 (7757 turns).

firemarshallily the Frost Mage (MfIE)               Turns: 7757, Time: 00:41:48

Health: -2/57      AC:  5    Str:  5 (8)  XL:     9   Next: 36%
Magic:  20/20      EV: 12    Int: 19      God:    Sif Muna [......]
Gold:   189        SH:  0    Dex: 13 (14) Spells: 12/23 levels left

rFire   . . .      SeeInvis .   m - +0 spear (flame)
rCold   + . .      Faith    .   (no shield)
rNeg    . . .      Spirit   .   a - +0 robe
rPois   +          Reflect  .   v - +0 hat
rElec   .          Harm     .   o - +2 cloak
rCorr   .          Rampage  .   (no gloves)
Will    .....                   (no boots)
Stlth   ++........              (no amulet)
HPRegen 0.19/turn               b - ring of poison resistance
MPRegen 0.17/turn               l - ring of flight

@: flying
A: (nimble swimmer 2), mertail, horns 1, cold resistance 1, subdued magic 1
a: Renounce Religion


You were on level 7 of the Dungeon.
You worshipped Sif Muna.
Sif Muna was noncommittal.
You visited 1 branch of the dungeon, and saw 7 of its levels.

You collected 285 gold pieces.
You spent 96 gold pieces at shops.

Inventory:

Hand Weapons
 c - a +0 glaive
 i - a +0 trident
 m - a +0 spear of flaming (weapon)
 n - a +0 hunting sling of freezing
Missiles
 d - 6 poisoned darts (quivered)
 e - a boomerang
 h - 79 stones
 u - a curare-tipped dart
 y - 16 sling bullets
Armour
 a - a +0 robe (worn)
 o - a +2 cloak (worn)
 v - a +0 hat (worn)
Magical Staves
 k - a staff of death
Jewellery
 b - a ring of poison resistance (left hand)
 g - a ring of protection from fire
 l - a ring of flight (right hand)
Scrolls
 s - 2 scrolls of fear
 t - 3 scrolls of vulnerability
 x - a scroll of silence


   Skills:
 + Level 4.3 Polearms
 - Level 2.0 Slings
 - Level 3.0 Dodging
 - Level 2.1 Stealth
 * Level 7.6 Spellcasting
 * Level 9.9 Ice Magic


You had 12 spell levels left.
You knew the following spells:

 Your Spells              Type           Power      Damage    Failure   Level
a - Freeze                Ice            100%       1d11      1%          1
b - Frozen Ramparts       Ice            68%        1d8       1%          3
c - Ozocubu's Armour      Ice            34%        N/A       1%          3
d - Hailstorm             Conj/Ice       20%        3d6       10%         4

Your spell library contained the following spells:

 Spells                   Type           Power      Damage    Failure   Level
 Animate Skeleton         Necr           10%        N/A       8%          1
 Pain                     Necr           20%        1d5       8%          1
 Gell's Gravitas          Tloc           5%         N/A       24%         3
 Lesser Beckoning         Tloc           5%         N/A       24%         3
 Teleport Other           Tloc           5%         N/A       24%         3
 Vampiric Draining        Necr           5%         2d6       24%         3
 Summon Forest            Summ/Tloc      2%         N/A       94%         5
 Eringya's Noxious Bog    Tmut/Pois      2%         N/A       100%        6
 Summon Hydra             Summ           2%         N/A       100%        7


Dungeon Overview and Level Annotations

Branches:
Dungeon (7/15)             Temple (0/1) D:6

Altars:
Ashenzari
Dithmenos
Makhleb
Okawaru
Qazlal
Sif Muna
Vehumet

Shops:
D:3 !   D:4 [

Annotations:
D:2 Sigmund


Innate Abilities, Weirdness & Mutations

((You are very nimble when in or above water. (Stealth+, EV+, Speed+++)))
Your lower body shifts to a powerful aquatic tail in water.
You have a pair of small horns on your head.
Your flesh is cold resistant. (rC+)
Your spells are a little easier to cast, but a little less powerful.


Message History

The centaur warrior is lightly wounded.
The wall freezes the centaur warrior.
The centaur warrior unwields a +4 shortbow of flaming.
It stops flaming.
The centaur warrior hits you.
The centaur warrior kicks you but does no damage.
You barely miss the centaur warrior.
The centaur warrior is lightly wounded.
The wall freezes the centaur warrior.
The centaur warrior barely misses you.
The centaur warrior kicks you but does no damage.
The wall freezes the cyclops!
The cyclops throws a large rock.
The large rock hits you but does no damage.
You closely miss the centaur warrior.
Your headbutt misses the centaur warrior.
The centaur warrior is moderately wounded.
Your surroundings suddenly seem different.
Your icy armour cracks and falls away as you move.
The frozen ramparts melt away as you move.
There is a stone staircase leading up here.
You fly upwards.
There is a stone staircase leading down here.
You start resting.
HP restored.
You start resting.
Magic restored.
You fly downwards.
There is a stone staircase leading up here.
Okawaru sends forces against you! 5 orcs and a cyclops come into view.
The orc priest shouts!
The orc shouts!
Found 22 stones.
The cyclops throws a large rock.
The large rock misses you.
Found 13 gold pieces.
The orc knight roars a battlecry!
The orcs go into a battle-frenzy!
The cyclops throws a large rock.
The large rock hits you.
The cyclops throws a large rock.
The large rock hits you!!!
Ouch! That really hurt!
* * * LOW HITPOINT WARNING * * *
The cyclops throws a large rock.
The large rock hits you!
You die...

##o..# ##o.### .. ##...##
... ###..o..# #...
#.......# #...# #.....oCo#
#...# #.........## #....#
.. #...........# ##....#
#.#
...........o####@...###..##
##.
.............##.....##....#
#..
.........#..#.....##....#
#.
....(..###.o..C.###....##
##. #....# #.....[##......#
#.. ##.$# ##....#)(.....#
#. ### #....))##c...## ##.
##..#####.#...# #.. .###
###..#######.


You could see a cyclops and an orc warrior (strong).

Vanquished Creatures
  2 water moccasins (D:7)
  A hornet zombie (D:4)
  An orc warrior (D:7)
  A necrophage (D:6)
  2 sky beasts
  An ogre (D:5)
  A black bear (D:5)
  A centaur (D:4)
  A phantom (D:6)
  A kobold brigand (D:6)
  A water moccasin zombie (D:6)
  A wyvern zombie (D:5)
  2 scorpions
  A wyvern skeleton (D:7)
  A water moccasin skeleton (D:6)
  A bullfrog zombie (D:5)
  A centaur zombie (D:6)
  3 orc priests
  Crazy Yiuf (D:2)
  5 hounds
  A gnoll shaman (D:7)
  6 iguanas
  2 jellies
  Natasha (thrice) (D:2)
  A killer bee zombie (D:7)
  6 adders
  8 gnolls
  A howler monkey skeleton (D:7)
  A shadow imp (D:6)
  An ufetubus (D:5)
  2 worms (D:3)
  3 dart slugs
  11 orcs
  4 bats
  3 endoplasms
  9 goblins
  6 hobgoblins
  5 kobolds
  5 quokkas
  3 ball pythons
  3 frilled lizards
  5 rats
118 creatures vanquished.

Vanquished Creatures (others)
  A plant (D:4)
1 creature vanquished.

Grand Total: 119 creatures vanquished

Notes
Turn   | Place    | Note
-------+----------+-------------------------------------------
     0 | D:1      | firemarshallily the Merfolk Ice Elementalist began the
                  | quest for the Orb.
     0 | D:1      | Reached XP level 1. HP: 13/13 MP: 3/3
   655 | D:1      | Reached XP level 2. HP: 19/19 MP: 3/5
   929 | D:1      | Upgraded the game from 0.28.0-47-ge53b351184 to
                  | 0.28.0-49-g6dfe1f597d
   985 | D:2      | Noticed Natasha
   989 | D:2      | Killed Natasha
   990 | D:2      | Reached skill level 5 in Ice Magic
   990 | D:2      | Reached XP level 3. HP: 16/24 MP: 2/7
  1246 | D:2      | Learned a level 3 spell: Frozen Ramparts
  1250 | D:2      | Learned a level 3 spell: Ozocubu's Armour
  1543 | D:2      | Noticed Sigmund
  1624 | D:2      | Reached XP level 4. HP: 25/30 MP: 2/8
  1764 | D:2      | Noticed Natasha
  1768 | D:2      | Killed Natasha
  2013 | D:2      | Found a faded altar of an unknown god.
  2016 | D:2      | Prayed at the altar of an unknown god.
  2016 | D:2      | Became a worshipper of Warmaster Okawaru
  2016 | D:2      | Reached * piety under Okawaru
  2053 | D:2      | Found a runed translucent door.
  2054 | D:2      | Noticed Crazy Yiuf
  2062 | D:2      | Killed Crazy Yiuf
  2063 | D:2      | Reached XP level 5. HP: 27/35 MP: 0/10
  2164 | D:2      | Noticed Natasha
  2170 | D:2      | Killed Natasha
  2208 | D:3      | Found Gasaerer's Distillery.
  2231 | D:3      | Bought a potion of curing for 36 gold pieces
  2372 | D:3      | Reached skill level 6 in Ice Magic
  2577 | D:3      | Reached skill level 1 in Polearms
  3120 | D:4      | Found Beqah's Antique Armour Shoppe.
  3123 | D:4      | Noticed a centaur
  3134 | D:4      | Killed a centaur
  3135 | D:4      | Reached XP level 6. HP: 34/41 MP: 4/12
  3189 | D:3      | Bought a potion of heal wounds for 60 gold pieces
  3370 | D:4      | Reached ** piety under Okawaru
  3531 | D:4      | Found a radiant altar of Vehumet.
  3790 | D:4      | Reached XP level 7. HP: 4/46 MP: 2/14
  4210 | D:5      | Entered Level 5 of the Dungeon
  4256 | D:5      | HP: 1/46 [wyvern zombie (6)]
  4263 | D:5      | Reached skill level 5 in Spellcasting
  4263 | D:5      | Reached skill level 7 in Ice Magic
  4696 | D:5      | Reached skill level 1 in Slings
  4839 | D:5      | Found a stormy altar of Qazlal.
  4846 | D:5      | Found a burning altar of Makhleb.
  4847 | D:5      | Found a broken altar of Ashenzari.
  5364 | D:5      | Reached XP level 8. HP: 52/52 MP: 8/16
  5595 | D:5      | Reached *** piety under Okawaru
  5645 | D:5      | Found a shadowy altar of Dithmenos.
  6217 | D:6      | Reached skill level 8 in Ice Magic
  6791 | D:6      | Found a staircase to the Ecumenical Temple.
  6867 | D:6      | Reached skill level 9 in Ice Magic
  7187 | D:6      | Found a shimmering blue altar of Sif Muna.
  7193 | D:6      | Fell from the grace of Okawaru
  7193 | D:6      | Became a worshipper of Sif Muna the Loreminder
  7266 | D:6      | Reached XP level 9. HP: 57/57 MP: 13/19
  7311 | D:6      | Learned a level 4 spell: Hailstorm
  7327 | D:7      | Noticed a stone giant
  7329 | D:7      | Gained mutation: You have a pair of small horns on your
                  | head. [potion of mutation]
  7329 | D:7      | Gained mutation: Your spells are a little easier to cast,
                  | but a little less powerful. [potion of mutation]
  7329 | D:7      | Gained mutation: Your flesh is cold resistant. (rC+)
                  | [potion of mutation]
  7624 | D:7      | Noticed a cyclops
  7624 | D:7      | Noticed a centaur warrior
  7745 | D:7      | Noticed an orc knight
  7745 | D:7      | Noticed a cyclops
  7757 | D:7      | Hit by a large rock thrown by a cyclops

Illustrated notes

Levels and vault maps discovered:
D:1:      beargit_arrival_diablo_church, layout_basic
D:2:      layout_basic, shapermc_ecumenical_altar_mp_urbaneastern,
          amcnicky_mini_rare_corridor_liquid, uniq_sigmund,
          uniq_crazy_yiuf_cottage, uniq_natasha
D:3:      layout_rooms, serial_shops, shop
D:4:      layout_gridville, mainiacjoe_overflow_boulevard, serial_shops, shop,
          minivault_24, minmay_cut_off
D:5:      layout_layer_cave, minitemple, lemuel_doored_altar
D:6:      layout_basic, led_sif_pool, minmay_temple_entry_large_hall
D:7:      layout_cave_pods, mainiacjoe_overflow_alcove_1,
          minmay_manual_macuahuitl

Skill      XL: |  1  2  3  4  5  6  7  8  9 |
---------------+----------------------------+-----
Dodging        | 3 |  3.0
Ice Magic      | 5 6 7 9 |  9.9
Spellcasting   | 3 4 5 7 |  7.6
Polearms       | 1 3 4 |  4.3
Slings         | 1 2 |  2.0
Stealth        | |  2.1

Action                   |  1- 3 |  4- 6 |  7- 9 || total
-------------------------+-------+-------+-------++-------
Melee: Whip              |    10 |     3 |       ||    13
       Spear             |       |    68 |   178 ||   246
       Punch             |       |       |     5 ||     5
       Headbutt          |       |       |     2 ||     2
 Fire: Hunting sling     |       |     1 |     6 ||     7
Throw: Dart              |       |     3 |     9 ||    12
       Stone             |       |       |     6 ||     6
       Boomerang         |       |       |    11 ||    11
 Cast: Freeze            |    27 |    29 |    40 ||    96
       Frozen Ramparts   |     2 |    22 |    42 ||    66
       Ozocubu's Armour  |       |    11 |    26 ||    37
       Hailstorm         |       |       |     5 ||     5
  Use: Scroll            |       |     6 |     7 ||    13
       Potion            |       |     4 |     8 ||    12
 Stab: Sleeping          |     1 |       |       ||     1
Armor: Robe              |     5 |    19 |    65 ||    89
       Skin              |       |    33 |     2 ||    35
Dodge: Dodged            |    18 |    35 |   139 ||   192
